Map: Ephemeron LE

Players

Serral - Winner!

  • Race: Zerg Zerg
  • Spawn Location: 5:00

soO

  • Race: Zerg Zerg
  • Spawn Location: 11:00

Event: 2019 WCS Global FInals

VOD

Have the link to the VOD?

Description

Time

  • Played on: Nov. 1, 2019, 4:10 p.m.
  • Length: 28:25

All games in this series

Show
View Real Time Build Order
Export as new Build Order

Serral Zerg - Winner!

Build Orders: Hatch First, Lurkers, Zergling Baneling 

Get SALT Encoding   

  12  0:00  Drone  
  13  0:13  Overlord  
  13  0:16  Drone  
  14  0:31  Drone x2  
  16  0:48  Hatchery  
  15  0:51  Drone  
  15  0:55  Drone  
  17  0:58  Drone  
  18  1:09  Extractor  
  17  1:14  Spawning Pool  
  17  1:17  Drone  
  17  1:20  Drone  
  18  1:28  Drone  
  19  1:39  Drone  
  20  1:49  Drone  
  21  2:00  Queen x2  
  21  2:01  Overlord  
  25  2:02  Zergling x2  
  26  2:09  Metabolic Boost  
  26  2:11  Drone  
  26  2:12  Drone  
  28  2:22  Drone x2  
  30  2:34  Hatchery  
  29  2:38  Drone  
  29  2:40  Drone  
  31  2:44  Drone  
  31  2:47  Baneling Nest  
  31  2:52  Overlord  
  31  2:56  Drone x2  
  33  3:06  Zergling x4  
  33  3:10  Zergling x8  
  33  3:12  Zergling x2  
  40  3:15  Zergling x2  
  41  3:20  Overlord  
  41  3:23  Zergling x2  
  42  3:30  Baneling x2  
  42  3:34  Zergling x2  
  42  3:35  Drone  
  42  3:36  Evolution Chamber  
  42  3:40  Drone x3  
  46  3:46  Overlord  
  46  3:47  Drone x3  
  49  3:50  Drone  
  49  3:58  Drone x2  
  49  4:00  Drone  
  49  4:01  Drone, Baneling  
  50  4:06  Drone  
  48  4:10  Zerg Missile Weapons Level 1  
  48  4:11  Drone  
  48  4:13  Extractor, Zergling x4  
  48  4:14  Zergling x4  
  51  4:18  Zergling x4  
  51  4:22  Zergling x4  
  55  4:27  Zergling x4  
  55  4:28  Baneling x2  
  57  4:34  Baneling  
  57  4:36  Zergling x4  
  60  4:38  Zergling x4  
  60  4:41  Zergling x2  
  61  4:48  Drone x4  
  65  4:54  Baneling x2  
  65  4:55  Overlord  
  65  4:57  Roach Warren  
  65  4:58  Overlord  
  64  5:01  Drone  
  64  5:04  Overlord  
  64  5:05  Drone  
  65  5:09  Lair  
  65  5:11  Extractor  
  65  5:13  Baneling x2  
  65  5:14  Drone, Queen  
  64  5:19  Overlord  
  64  5:20  Drone  
  68  5:22  Drone  
  68  5:24  Drone  
  68  5:25  Drone  
  71  5:30  Drone x3  
  71  5:34  Overlord  
  71  5:35  Drone x2  
  75  5:38  Baneling x2  
  72  5:50  Drone x3  
  72  5:55  Extractor x2  
  72  5:56  Extractor  
  72  5:57  Drone x2  
  72  6:01  Overlord  
  72  6:04  Overlord  
  72  6:06  Drone x3  
  72  6:07  Glial Reconstitution  
  72  6:08  Zerg Missile Weapons Level 2  
  72  6:10  Pneumatized Carapace  
  75  6:14  Drone x4  
  75  6:16  Drone x2  
  81  6:20  Overseer  
  81  6:29  Evolution Chamber, Roach x2  
  81  6:30  Drone x3  
  87  6:34  Drone x2  
  87  6:38  Drone  
  87  6:39  Drone, Hatchery  
  90  6:43  Overlord x2  
  90  6:44  Roach  
  90  6:45  Roach  
  94  6:49  Roach  
  94  6:53  Roach x2  
  94  6:54  Roach  
  101  6:57  Zerg Ground Armor Level 1  
  101  7:01  Roach x3  
  107  7:04  Overseer  
  107  7:05  Overlord  
  107  7:08  Roach  
  107  7:09  Roach x2  
  107  7:15  Overlord  
  113  7:19  Drone x2  
  113  7:20  Overlord, Roach  
  115  7:25  Roach  
  116  7:33  Roach x3  
  118  7:48  Roach x3  
  118  7:51  Queen  
  126  7:56  Roach x10  
  144  8:05  Roach x4  
  152  8:10  Overlord x2  
  152  8:11  Infestation Pit  
  151  8:14  Ravager  
  151  8:15  Ravager x3  
  151  8:17  Roach  
  151  8:18  Roach  
  159  8:20  Overlord x2  
  159  8:27  Overlord x2  
  159  8:32  Roach x4  
  159  8:33  Roach x4  
  175  8:39  Roach x2  
  175  8:40  Roach  
  181  8:48  Ravager x2, Roach x5  
  181  8:49  Roach  
  181  8:51  Hive  
  181  8:54  Roach x2  
  191  8:59  Zerg Ground Armor Level 2  
  191  9:04  Overseer  
  191  9:07  Roach x4  
  191  9:08  Overseer  
  199  9:13  Overseer  
  199  9:26  Overlord x2  
  199  9:27  Spore Crawler, Spine Crawler x2  
  199  9:28  Spine Crawler  
  199  9:29  Overseer  
  199  9:30  Spine Crawler  
  199  9:31  Spine Crawler  
  193  9:34  Extractor, Roach x2  
  184  9:38  Overseer  
  184  9:41  Roach x3  
  177  9:53  Roach x10  
  185  10:00  Roach x3  
  185  10:10  Zerg Missile Weapons Level 3  
  185  10:12  Hydralisk Den  
  184  10:21  Overseer  
  184  10:24  Drone x3  
  184  10:25  Spine Crawler  
  184  10:26  Drone x2, Ravager  
  184  10:27  Ravager  
  190  10:29  Roach x5  
  200  10:41  Overseer x2  
  200  10:59  Muscular Augments  
  200  11:02  Extractor  
  200  11:03  Lurker Den  
  198  11:08  Overseer  
  198  11:09  Overseer  
  198  11:13  Overseer  
  198  11:25  Hatchery  
  197  11:27  Overlord  
  197  11:29  Tunneling Claws  
  197  11:30  Burrow  
  197  11:31  Overlord  
  189  11:40  Hydralisk x2  
  189  11:42  Hydralisk x2  
  189  11:43  Hydralisk  
  189  11:46  Overlord x2  
  191  11:53  Zerg Ground Armor Level 3  
  191  11:57  Viper  
  191  12:00  Drone  
  195  12:10  Grooved Spines  
  195  12:16  Viper  
  195  12:17  Overseer  
  198  12:29  Adaptive Talons  
  198  12:34  Hatchery  
  198  12:35  Viper x2  
  187  12:47  Roach x3  
  187  12:49  Lurker x2  
  189  12:54  Drone x3  
  189  12:57  Lurker x2  
  194  13:00  Overseer x2  
  194  13:05  Hydralisk x3  
  200  13:06  Roach  
  200  13:07  Roach  
  198  13:15  Spine Crawler  
  198  13:18  Spine Crawler  
  196  13:24  Nydus Network  
  196  13:25  Roach x6  
  191  13:35  Extractor  
  191  13:36  Hydralisk x5  
  191  13:37  Extractor  
  193  13:53  Hydralisk x9  
  199  14:06  Overlord  
  197  14:16  Drone x2  
  199  14:19  Drone, Spine Crawler  
  199  14:29  Nydus Canal  
  199  14:43  Nydus Canal, Roach x16  
  195  15:01  Nydus Canal  
  195  15:03  Hydralisk x2  
  199  15:15  Roach  
  199  15:18  Nydus Canal  
  199  15:28  Hydralisk x5, Spine Crawler  
  193  15:31  Spore Crawler  
  188  15:36  Lurker x5  
  188  15:37  Lurker  
  188  15:40  Hydralisk x2  
  198  15:47  Roach x7  
  198  15:50  Nydus Canal  
  198  15:57  Lurker  
  199  16:05  Hatchery  
  194  16:18  Hydralisk x9  
  184  16:25  Lurker x2  
  199  16:29  Nydus Canal  
  196  16:33  Hydralisk  
  196  16:34  Lurker  
  196  16:35  Viper  
  196  16:36  Lurker  
  197  16:43  Spore Crawler  
  197  16:44  Roach, Spine Crawler  
  197  16:45  Roach x2  
  197  16:46  Roach x4  
  195  16:48  Viper  
  195  16:52  Hydralisk  
  194  17:09  Hydralisk x5  
  185  17:16  Viper x3  
  180  17:25  Drone x3  
  180  17:26  Hydralisk x8, Drone  
  200  17:46  Extractor  
  200  17:47  Spore Crawler, Extractor  
  195  17:52  Hydralisk x4  
  195  17:53  Hydralisk  
  195  17:57  Hydralisk x4  
  199  17:58  Roach  
  199  18:13  Lurker  
  199  18:19  Drone x2  
  199  18:20  Drone  
  188  18:29  Hydralisk x7  
  196  18:48  Hydralisk x10  
  169  18:54  Drone x3  
  190  18:56  Drone x2  
  190  18:58  Lurker x6  
  190  18:59  Hydralisk  
  200  19:05  Overseer  
  200  19:09  Extractor  
  199  19:10  Drone  
  200  19:30  Zerg Melee Weapons Level 1  
  199  19:38  Overseer x2  
  199  19:44  Lurker  
  196  19:54  Lurker  
  196  19:55  Hydralisk  
  196  20:18  Hydralisk x3  
  199  20:31  Hydralisk x2  
  193  20:38  Drone x2  
  193  20:39  Extractor  
  190  20:43  Hydralisk x2  
  190  20:45  Lurker x5  
  194  20:55  Hydralisk x2  
  193  21:13  Overlord x2  
  193  21:21  Overlord  
  180  21:33  Hydralisk x8  
  180  21:39  Hydralisk x3  
  200  21:55  Overseer  
  200  21:59  Overlord x2  
  200  22:04  Overlord x2  
  200  22:05  Overseer x2  
  200  22:10  Nydus Canal  
  200  22:27  Nydus Canal  
  195  22:34  Hydralisk x2  
  192  22:37  Hydralisk x4  
  187  22:44  Overseer x4  
  187  22:49  Hydralisk x8  
  199  22:53  Nydus Canal  
  199  23:00  Nydus Canal  
  199  23:02  Overseer, Lurker  
  200  23:05  Spore Crawler  
  200  23:07  Drone  
  200  23:08  Nydus Canal, Overseer, Spine Crawler  
  200  23:09  Spine Crawler  
  200  23:10  Overlord  
  200  23:11  Overlord  
  198  23:14  Overseer  
  188  23:22  Hydralisk x8  
  188  23:25  Hydralisk x10  
  179  23:30  Viper x3  
  183  23:35  Overlord  
  183  23:36  Hydralisk x2  
  183  23:37  Nydus Canal  
  183  23:41  Viper x3  
  190  23:53  Lurker x5  
  190  23:54  Hydralisk, Lurker x2  
  199  24:13  Overlord x3  
  199  24:14  Overseer x2  
  199  24:15  Hydralisk  
  195  24:18  Lurker  
  195  24:23  Nydus Canal  
  193  24:42  Hydralisk x3  
  199  24:50  Hydralisk  
  200  25:03  Nydus Canal  
  200  25:06  Overlord  
  200  25:07  Overlord x2  
  167  25:18  Hydralisk x5  
  156  25:29  Lurker x3  
  156  25:30  Hydralisk, Lurker  
  156  25:31  Hydralisk x8  
  178  25:40  Hydralisk  
  176  25:43  Lurker x3  
  176  25:45  Overseer  
  159  25:57  Hydralisk x6  
  159  26:03  Overlord x2  
  168  26:04  Overseer  
  168  26:09  Overlord x2  
  168  26:13  Hatchery  
  165  26:24  Overseer  
  165  26:32  Roach x6  
  177  26:35  Hatchery  
  177  26:36  Extractor x2  
  174  26:51  Roach x3  
  180  27:01  Drone x3  
  177  27:26  Overlord x4  
  167  27:47  Roach x5  
  167  27:51  Overseer  
  173  27:52  Overseer  
Show
View Real Time Build Order
Export as new Build Order

soO Zerg 

Build Orders: Hatch First, Zergling Baneling 

Get SALT Encoding   

  12  0:00  Drone  
  13  0:12  Overlord  
  13  0:16  Drone  
  14  0:30  Drone x2  
  16  0:48  Hatchery  
  15  0:51  Drone  
  15  0:55  Drone  
  17  0:58  Drone  
  18  1:09  Extractor  
  17  1:13  Spawning Pool  
  17  1:17  Drone  
  17  1:20  Drone  
  18  1:28  Drone  
  19  1:38  Drone  
  20  1:48  Overlord  
  20  1:59  Queen x2  
  20  2:00  Drone  
  20  2:01  Zergling x2  
  26  2:09  Metabolic Boost  
  26  2:11  Drone  
  26  2:12  Drone  
  28  2:21  Drone  
  28  2:22  Drone  
  30  2:34  Hatchery  
  30  2:36  Drone  
  30  2:42  Queen  
  32  2:51  Drone, Baneling Nest  
  32  2:53  Drone  
  32  2:57  Overlord  
  33  3:01  Drone  
  34  3:06  Drone  
  34  3:07  Drone  
  36  3:15  Zergling x8  
  36  3:17  Zergling x2  
  36  3:19  Drone  
  42  3:23  Zergling x2  
  42  3:26  Overlord  
  43  3:28  Drone  
  44  3:35  Baneling x2  
  44  3:36  Baneling x2  
  44  3:38  Baneling x2  
  44  3:46  Zergling x2  
  44  3:47  Zergling x8  
  49  3:49  Zergling x2  
  49  3:50  Zergling x4  
  49  3:54  Zergling x6  
  54  4:01  Zergling x4  
  54  4:04  Zergling x2  
  54  4:09  Zergling x4  
  53  4:15  Drone  
  53  4:16  Drone, Baneling x2  
  54  4:19  Drone x2  
  54  4:20  Drone  
  54  4:24  Drone  
  57  4:25  Overlord  
  57  4:31  Overlord  
  57  4:32  Evolution Chamber  
  57  4:34  Drone  
  57  4:45  Drone x4  
  61  4:50  Drone  
  60  4:53  Drone x3  
  60  4:54  Drone  
  60  4:58  Drone, Roach Warren  
  63  5:09  Drone x2  
  63  5:10  Zerg Missile Weapons Level 1, Drone x2  
  63  5:11  Drone, Extractor  
  63  5:12  Drone, Extractor  
  63  5:13  Drone, Lair  
  68  5:17  Drone x2  
  70  5:21  Baneling  
  70  5:22  Zergling x4  
  70  5:23  Zergling x2  
  70  5:28  Zergling x2  
  73  5:32  Baneling  
  73  5:33  Overlord  
  73  5:36  Overlord  
  73  5:38  Overlord  
  73  5:39  Baneling  
  66  5:50  Baneling x2  
  66  5:52  Roach x3, Zergling x2  
  66  5:53  Zergling x8  
  78  5:57  Roach  
  78  6:05  Roach  
  78  6:06  Drone x3  
  78  6:07  Extractor  
  78  6:08  Drone x3  
  78  6:09  Drone x2  
  78  6:11  Glial Reconstitution  
  87  6:13  Drone x3  
  87  6:16  Extractor  
  89  6:18  Overseer  
  89  6:19  Drone x2  
  89  6:23  Extractor  
  89  6:25  Drone  
  91  6:26  Pneumatized Carapace  
  91  6:29  Drone x3  
  91  6:30  Drone  
  91  6:32  Overlord  
  95  6:37  Hatchery  
  95  6:38  Roach x2  
  98  6:45  Overlord  
  98  6:47  Overlord  
  98  6:48  Overlord  
  98  6:50  Evolution Chamber  
  96  6:55  Roach x3  
  96  6:56  Overlord  
  96  6:59  Roach  
  104  7:02  Overlord  
  104  7:03  Overlord  
  104  7:06  Overlord, Roach x4, Zerg Missile Weapons Level 2  
  112  7:11  Drone x2  
  114  7:16  Roach  
  116  7:23  Zerg Ground Armor Level 1  
  119  7:30  Roach x3  
  119  7:33  Roach x3  
  127  7:38  Tunneling Claws  
  127  7:39  Burrow  
  127  7:40  Drone  
  127  7:43  Nydus Network  
  126  7:46  Roach  
  126  7:47  Roach x3  
  126  7:48  Roach  
  135  7:54  Roach x4  
  135  7:57  Roach  
  141  7:59  Roach x2  
  141  8:02  Overseer  
  141  8:05  Roach x2  
  147  8:08  Roach x2  
  147  8:11  Drone x4, Queen  
  156  8:22  Drone  
  156  8:24  Spore Crawler  
  156  8:28  Drone  
  156  8:29  Overlord x3  
  156  8:33  Roach x5  
  167  8:38  Overlord x2  
  167  8:39  Overlord  
  167  8:43  Infestation Pit  
  167  8:45  Nydus Canal  
  167  8:47  Overlord  
  168  8:48  Roach x3  
  168  8:49  Roach x2  
  168  8:53  Hydralisk Den, Extractor, Roach  
  168  8:54  Roach  
  178  9:02  Roach x5  
  186  9:12  Nydus Canal  
  186  9:13  Roach x6  
  198  9:23  Grooved Spines  
  198  9:27  Nydus Canal, Roach x7  
  198  9:38  Hive  
  198  9:42  Lurker Den  
  198  9:43  Roach  
  198  9:44  Roach x2  
  189  9:48  Roach  
  189  9:50  Roach x3  
  189  9:51  Roach x2  
  189  9:52  Roach x2  
  195  9:54  Roach x5  
  195  9:57  Roach x2  
  195  9:59  Roach  
  191  10:00  Roach  
  191  10:01  Roach  
  183  10:16  Roach x13  
  183  10:18  Hydralisk x7  
  193  10:30  Nydus Canal  
  193  10:33  Roach x3  
  193  10:34  Muscular Augments  
  197  10:51  Roach x13  
  197  10:56  Zerg Missile Weapons Level 3, Zerg Ground Armor Level 2  
  197  11:03  Nydus Canal  
  197  11:12  Roach  
  197  11:30  Roach  
  199  11:34  Overlord  
  199  11:37  Roach x3  
  199  11:38  Roach x3  
  199  11:39  Roach  
  199  11:42  Hatchery  
  186  11:51  Adaptive Talons  
  186  11:55  Overlord  
  186  12:04  Viper x2  
  186  12:05  Roach x5  
  192  12:09  Spine Crawler  
  192  12:10  Spine Crawler  
  192  12:12  Drone x2  
  192  12:13  Spine Crawler  
  191  12:18  Hatchery  
  190  12:23  Hydralisk  
  190  12:26  Roach x3  
  198  12:37  Hatchery  
  198  12:40  Overseer  
  197  12:48  Drone x3  
  200  12:53  Spore Crawler  
  189  13:09  Hydralisk x5  
  189  13:12  Nydus Canal  
  197  13:23  Roach x12  
  197  13:32  Extractor  
  196  13:37  Hydralisk x2  
  182  14:02  Viper x3  
  189  14:05  Hydralisk  
  189  14:06  Hydralisk x4  
  197  14:10  Overseer x3, Roach x8  
  191  14:18  Hydralisk x2, Lurker x3  
  191  14:21  Drone x4  
  200  14:25  Spine Crawler  
  200  14:28  Spine Crawler  
  188  14:56  Hydralisk  
  188  14:57  Hydralisk x8  
  200  15:06  Overseer  
  200  15:12  Nydus Canal  
  200  15:20  Spine Crawler  
  199  15:21  Spine Crawler  
  199  15:22  Zerg Ground Armor Level 3  
  198  15:41  Drone x2  
  198  15:42  Spore Crawler x3  
  197  15:43  Spore Crawler, Extractor, Lurker  
  197  15:44  Drone, Extractor  
  197  15:45  Drone, Spine Crawler  
  197  15:48  Drone x3, Lurker  
  200  15:55  Spine Crawler  
  177  16:20  Drone x3  
  177  16:21  Hydralisk x2  
  177  16:22  Hydralisk x2  
  177  16:23  Hydralisk x8  
  190  16:40  Hatchery  
  190  16:43  Overseer  
  189  16:50  Drone  
  189  16:51  Drone x4  
  189  16:53  Lurker  
  189  16:54  Lurker x3  
  194  17:09  Overlord  
  184  17:18  Hydralisk x12  
  194  17:36  Drone x3  
  197  17:38  Nydus Canal  
  197  17:50  Hatchery  
  173  17:54  Hydralisk x15  
  173  17:56  Roach x3  
  173  17:57  Roach  
  168  17:59  Hydralisk x3  
  168  18:03  Overseer x2  
  168  18:05  Hydralisk, Drone  
  173  18:06  Hydralisk x10  
  195  18:13  Lurker  
  195  18:14  Lurker  
  195  18:17  Overseer  
  197  18:25  Lurker  
  194  18:27  Hydralisk x3  
  194  18:33  Hydralisk x3  
  183  18:46  Hydralisk x7  
  175  18:52  Drone x2  
  175  18:53  Drone  
  178  18:59  Lurker x3  
  181  19:08  Drone  
  182  19:22  Drone x2  
  184  19:24  Nydus Canal  
  182  19:34  Drone  
  182  19:35  Hydralisk x8  
  196  20:05  Drone x2  
  198  20:12  Hydralisk  
  198  20:14  Extractor  
  192  20:21  Hydralisk x3  
  192  20:22  Hydralisk  
  188  20:37  Hydralisk x4  
  188  20:38  Hydralisk x2  
  188  20:39  Nydus Canal  
  189  20:46  Drone x2  
  189  20:49  Drone  
  189  20:56  Drone x2  
  190  20:58  Drone x3  
  190  21:01  Drone  
  190  21:02  Drone x3  
  194  21:05  Lurker x2  
  194  21:08  Drone x3  
  199  21:14  Drone  
  186  21:33  Viper x3  
  186  21:34  Viper  
  192  21:41  Drone x2  
  192  21:42  Extractor  
  192  21:43  Drone  
  192  21:44  Drone  
  191  21:54  Spawning Pool  
  190  21:59  Hydralisk x5  
  196  22:07  Hydralisk x2  
  199  22:27  Hydralisk x4  
  197  22:32  Hydralisk x3  
  195  22:42  Hydralisk x7  
  200  22:49  Hydralisk  
  198  22:52  Overseer  
  196  23:02  Hydralisk x2  
  200  23:06  Overseer  
  197  23:22  Hydralisk  
  166  23:27  Hydralisk x6  
  178  23:34  Overlord x2  
  178  23:36  Overlord  
  178  23:40  Hydralisk x2  
  178  23:41  Overlord  
  178  23:43  Overlord  
  174  23:50  Hydralisk x2  
  178  23:56  Hydralisk x11  
  178  24:02  Overseer  
  200  24:12  Hatchery  
  197  24:44  Hydralisk x5  
  197  24:45  Overseer  
  197  24:50  Hydralisk x4  
  194  24:59  Hydralisk x2  
  188  25:11  Overlord  
  184  25:17  Overlord  
  176  25:27  Overlord  
  176  25:28  Hydralisk x3  
  159  25:30  Hydralisk  
  159  25:33  Lurker  
  159  25:35  Lurker  
  169  25:39  Hydralisk  
  167  25:45  Hydralisk  
  160  25:58  Hydralisk x2  
  162  26:12  Hydralisk x8  
  176  26:21  Lair  
  173  26:31  Lurker  
  173  26:32  Lurker x2  
  176  26:37  Extractor  
  175  26:48  Hatchery  
  175  26:50  Hydralisk x6  
  179  27:10  Hydralisk x5  
  180  27:22  Hydralisk x4  
  183  27:41  Hydralisk  
  183  27:42  Hydralisk  
  153  27:46  Hydralisk x4  
  153  27:50  Hydralisk  
  149  27:55  Hydralisk  
  149  27:58  Hydralisk  
Tags
 
Add a new tag
Caveats
  • Supply blocks, unpowered buildings, or Contaminate may cause inaccurate times.
  • Supply counts are checked every 10 seconds.